[Event "ICC tourney 2356 (30 5)"]
[Site "Internet Chess Club"]
[Date "2021.01.30"]
[Round "2"]
[White "SABHHMischler"]
[Black "SASofia"]
[Result "1-0"]
[ICCResult "Black checkmated"]
[WhiteElo "657"]
[BlackElo "1302"]
[Opening "Four knights: Scotch, 4...exd4"]
[ECO "C47"]
[NIC "KP.06"]
[Time "12:30:45"]
[PlyCount "211"]
[TimeControl "1800+5"]

1. e4 e5 2. Nf3 Nc6 3. Nc3 Nf6 4. d4 exd4 5. Nxd4 Bb4 6. Nxc6 bxc6 7. Bd3
Bb7 8. O-O O-O 9. Re1 h6 10. Bf4 d5 11. h3 d4 12. Be5 dxc3 13. Bxc3 Bxc3
14. bxc3 Re8 15. Rb1 Rb8 16. e5 Nd5 17. Qd2 Nb6 18. Rbd1 Qe7 19. Qe2 Nd5
20. Rd2 Nxc3 21. Qe3 Nd5 22. Qd4 c5 23. Qc4 Nb4 24. a3 Ba6 25. Qc3 Nxd3 26.
cxd3 f6 27. d4 cxd4 28. Qxd4 Rbd8 29. Qc3 Rxd2 30. Qxd2 fxe5 31. Qa2+ Kh8
32. f4 Qc5+ 33. Kh1 Bc4 34. Qb2 Qb5 35. Qf2 Qb6 36. Qf3 Bb5 37. fxe5 Bc6
38. Qf4 Qb2 39. Qg3 Qd2 40. Rg1 Qd4 41. Re1 h5 42. Qg5 Qf2 43. Qxh5+ Kg8
44. Rg1 Rd8 45. Qg5 Rd3 46. Qg4 Rg3 47. Qe6+ Kh7 48. Qxc6 Rxa3 49. e6 Qh4
50. Rf1 Re3 51. Qc2+ Kg8 52. Qg6 Re1 53. Qf7+ Kh7 54. Qf5+ Kh6 55. Kh2 Rxf1
56. Qxf1 Qe4 57. Qc1+ Kh7 58. Qxc7 Qxe6 59. Qxa7 Qd6+ 60. Kh1 Qd1+ 61. Kh2
Qd6+ 62. Kg1 Qd1+ 63. Kh2 Qd6+ 64. Kg1 Qd1+ 65. Kf2 Qd2+ 66. Kg3 Qe1+ 67.
Qf2 Qe5+ 68. Kh4 Kh6 69. Qd2+ g5+ 70. Kg4 Qe4+ 71. Kg3 Qh4+ 72. Kf3 Kh5 73.
g4+ Kh6 74. Qd6+ Kg7 75. Ke4 Qe1+ 76. Kf5 Qf2+ 77. Ke6 Qf6+ 78. Kd5 Qxd6+
79. Kxd6 Kf6 80. Kd5 Kg6 81. Ke4 Kf6 82. Kf3 Ke5 83. Kg3 Ke4 84. h4 Ke5 85.
hxg5 Ke6 86. Kh4 Kf7 87. Kh5 Kg7 88. g6 Kg8 89. g5 Kh8 90. Kh6 Kg8 91. Kh5
Kh8 92. Kh6 Kg8 93. g7 Kf7 94. Kh7 Ke6 95. g8=Q+ Ke5 96. Qf7 Ke4 97. g6 Ke3
98. g7 Ke4 99. g8=R Ke5 100. Re8+ Kd6 101. Qf1 Kd7 102. Re2 Kc7 103. Qd1
Kb6 104. Rc2 Ka5 105. Qb1 Ka4 106. Ra2# { Black checkmated } 1-0

[Event "ICC tourney 2356 (30 5)"]
[Site "Internet Chess Club"]
[Date "2021.01.30"]
[Round "2"]
[White "SPBrain"]
[Black "Skullcrusher"]
[Result "0-1"]
[ICCResult "White checkmated"]
[WhiteElo "1342"]
[BlackElo "1156"]
[Opening "Ruy Lopez: old Steinitz defense"]
[ECO "C62"]
[NIC "RL.02"]
[Time "12:31:14"]
[PlyCount "102"]
[TimeControl "1800+5"]

1. e4 e5 2. Nf3 Nc6 3. Bb5 d6 4. c3 Nf6 5. d4 Bd7 6. O-O Nxe4 7. Bxc6 Bxc6
8. d5 Bd7 9. Re1 Nf6 10. Bg5 Be7 11. Nbd2 h6 12. Bh4 Nxd5 13. Bxe7 Nxe7 14.
Rc1 O-O 15. Ne4 Bg4 16. h3 Bh5 17. Ng3 Bg6 18. Qb3 b6 19. Rcd1 Kh8 20. Nxe5
Qc8 21. Nf3 Nf5 22. Nxf5 Bxf5 23. Re7 Be6 24. Rxe6 Qxe6 25. Qa3 Qe2 26. Re1
Qc4 27. b4 c5 28. bxc5 dxc5 29. Ne5 Qd5 30. c4 Qd6 31. Qf3 Kg8 32. Ng4 Rfe8
33. Rd1 Qe6 34. Ne3 Qe4 35. Qe2 f5 36. Qb2 f4 37. Nd5 Rad8 38. Qc1 f3 39.
g3 Qe6 40. Kh2 Qe2 41. Rd2 Qe1 42. Qxe1 Rxe1 43. Nf6+ gxf6 44. Rd3 Rxd3 45.
g4 Rd2 46. Kg3 Rxa2 47. Kxf3 Rc2 48. Kf4 Rxc4+ 49. Kf5 Kf7 50. h4 Rd1 51.
g5 Rd5# { White checkmated } 0-1

[Event "ICC tourney 2356 (30 5)"]
[Site "Internet Chess Club"]
[Date "2021.01.30"]
[Round "2"]
[White "fluffyfloofers"]
[Black "YoungHytham"]
[Result "1-0"]
[ICCResult "Black checkmated"]
[WhiteElo "1157"]
[BlackElo "644"]
[Opening "Giuoco Pianissimo"]
[ECO "C55"]
[NIC "IG.01"]
[Time "12:31:34"]
[PlyCount "115"]
[TimeControl "1800+5"]

1. e4 e5 2. Nf3 Nc6 3. Bc4 Nf6 4. d3 Bc5 5. c3 a6 6. O-O O-O 7. Nbd2 Na5 8.
Bb3 Nc6 9. Re1 b5 10. Nf1 Ng4 11. Re2 Bb7 12. h3 Nf6 13. Ng3 Ne7 14. Nxe5
d6 15. Nf3 Ng6 16. Re1 c6 17. d4 Ba7 18. Be3 Re8 19. Bg5 c5 20. Bc2 h6 21.
Bd2 Rc8 22. Rc1 d5 23. e5 Nh7 24. Be3 cxd4 25. Bxd4 Bxd4 26. cxd4 Re7 27.
Bb3 Rxc1 28. Qxc1 Rc7 29. Qd2 Ng5 30. Nxg5 hxg5 31. Rc1 Rxc1+ 32. Qxc1 Qb6
33. Qc3 b4 34. Qe3 a5 35. Nf5 Bc8 36. g4 Be6 37. Qxg5 Qc6 38. a4 Bxf5 39.
gxf5 Nh8 40. Qd2 f6 41. e6 Kf8 42. Qc2 Qd6 43. Qc5 Qxc5 44. dxc5 Ke7 45.
Bxd5 g6 46. c6 gxf5 47. c7 Kd6 48. c8=Q Kxd5 49. Qxh8 Kc4 50. Qxf6 Kd3 51.
e7 Kc2 52. e8=Q Kb1 53. Qe1+ Ka2 54. Qfe6+ Kxb2 55. Q6e2+ Kb3 56. Q1d2 f4
57. Qc2+ Ka3 58. Qa2# { Black checkmated } 1-0

[Event "ICC tourney 2356 (30 5)"]
[Site "Internet Chess Club"]
[Date "2021.01.30"]
[Round "2"]
[White "minecraft008"]
[Black "masterviraj"]
[Result "1-0"]
[ICCResult "Black checkmated"]
[WhiteElo "975"]
[BlackElo "660"]
[Opening "Queen's pawn game, Chigorin variation"]
[ECO "D02"]
[NIC "QP.08"]
[Time "12:30:33"]
[PlyCount "175"]
[TimeControl "1800+5"]

1. d4 d5 2. Nf3 Nc6 3. Bf4 Bf5 4. c3 Nf6 5. e3 e6 6. Bd3 Bxd3 7. Qxd3 Bd6
8. Bg3 Bxg3 9. hxg3 Qd6 10. Nbd2 Ng8 11. Rxh7 Rxh7 12. Qxh7 Qf8 13. Qd3
Nge7 14. e4 dxe4 15. Qxe4 Qh8 16. Qh4 Qxh4 17. gxh4 O-O-O 18. O-O-O Rh8 19.
g3 Nf5 20. Ng5 Rf8 21. Ndf3 Kd7 22. Ne5+ Nxe5 23. dxe5+ Ke7 24. Kc2 f6 25.
exf6+ gxf6 26. Ne4 Rg8 27. Re1 Rg4 28. Nc5 Ng7 29. Nxb7 Ra4 30. Kb3 Ra6 31.
Nc5 Rb6+ 32. Kc2 Kd6 33. Ne4+ Ke7 34. Nd2 Ra6 35. a3 Ne8 36. Rh1 Kf7 37. h5
Kg7 38. g4 f5 39. g5 e5 40. g6 Kh6 41. Nc4 Re6 42. Rg1 Ng7 43. Ne3 f4 44.
Nc4 Nxh5 45. Re1 Kxg6 46. Rxe5 Rxe5 47. Nxe5+ Kf6 48. Nc6 a6 49. Kd3 Ke6
50. Nb4 Kd6 51. Nxa6 Kc6 52. Nb4+ Kb6 53. Ke4 Nf6+ 54. Kxf4 c5 55. Nd3 Nd5+
56. Ke4 Nf6+ 57. Kf3 c4 58. Nb4 Kc5 59. Kf4 Nh5+ 60. Kg5 Ng7 61. f4 Ne6+
62. Kf5 Ng7+ 63. Kf6 Ne8+ 64. Ke7 Nd6 65. Na6+ Kc6 66. Nb8+ Kc7 67. Na6+
Kc6 68. Nb4+ Kc7 69. Ke6 Ne8 70. f5 Ng7+ 71. Ke5 Kd7 72. Nd5 Ke8 73. f6 Nh5
74. Nb6 Ng3 75. Nxc4 Ne2 76. a4 Nc1 77. a5 Nb3 78. a6 Nc5 79. a7 Nd7+ 80.
Kd6 Nxf6 81. a8=Q+ Kf7 82. Qb7+ Kg6 83. Qg2+ Kf7 84. Ne5+ Kf8 85. Qg6 Ne8+
86. Ke6 Nc7+ 87. Kd7 Ne8 88. Qf7# { Black checkmated } 1-0

[Event "ICC tourney 2356 (30 5)"]
[Site "Internet Chess Club"]
[Date "2021.01.30"]
[Round "2"]
[White "AndychessSohn"]
[Black "LionsDavidS"]
[Result "0-1"]
[ICCResult "White checkmated"]
[WhiteElo "1105"]
[BlackElo "1304"]
[Opening "Caro-Kann: exchange variation"]
[ECO "B13"]
[NIC "CK.02"]
[Time "12:30:36"]
[PlyCount "140"]
[TimeControl "1800+5"]

1. e4 c6 2. d4 d5 3. exd5 cxd5 4. Bd3 Nc6 5. c3 Nf6 6. Nf3 Bg4 7. h3 Bxf3
8. Qxf3 e6 9. Bf4 Bd6 10. Bxd6 Qxd6 11. O-O O-O 12. Nd2 e5 13. Qg3 Rad8 14.
Bf5 exd4 15. Qxd6 Rxd6 16. cxd4 Nxd4 17. Bd3 Re8 18. Nb3 Nxb3 19. axb3 a6
20. b4 Rb6 21. b5 axb5 22. b4 Nh5 23. g3 g6 24. Ra5 Rc8 25. Re1 Rc3 26.
Bxb5 Rc2 27. Bd3 Rb2 28. Rxd5 Rf6 29. Be2 Re6 30. Kf1 Rf6 31. Rg5 Ng7 32.
Rd1 Ne6 33. Rg4 h5 34. Rc4 Ng5 35. Rh4 Nf3 36. Bxf3 Rxf3 37. Rf4 Rbxf2+ 38.
Ke1 Rxf4 39. gxf4 Rxf4 40. Rb1 g5 41. Ke2 f5 42. Ke3 Kf7 43. b5 Ke7 44. b6
Kd6 45. Kd3 Rf3+ 46. Kc4 Rxh3 47. Kb5 Rd3 48. Kc4 Rd5 49. Rg1 g4 50. Rh1 f4
51. Rf1 f3 52. Re1 f2 53. Rf1 g3 54. Kb4 g2 55. Rxf2 g1=Q 56. Rc2 Qxb6+ 57.
Kc3 Rc5+ 58. Kd3 Rxc2 59. Kxc2 Qc5+ 60. Kd2 Qc4 61. Ke3 Qd5 62. Kf4 Qe6 63.
Kg5 Qf7 64. Kh4 Qg6 65. Kh3 Qg4+ 66. Kh2 Ke5 67. Kh1 Kf4 68. Kh2 Kf3 69.
Kh1 Qh3+ 70. Kg1 Qg2# { White checkmated } 0-1

[Event "ICC tourney 2356 (30 5)"]
[Site "Internet Chess Club"]
[Date "2021.01.30"]
[Round "2"]
[White "kaiw49"]
[Black "SAHYOliver"]
[Result "0-1"]
[ICCResult "White checkmated"]
[WhiteElo "850"]
[BlackElo "1249"]
[Opening "French defense"]
[ECO "C00"]
[NIC "FR.01"]
[Time "12:30:56"]
[PlyCount "166"]
[TimeControl "1800+5"]

1. e4 e6 2. Nc3 d5 3. exd5 exd5 4. d4 c6 5. Nf3 Nf6 6. Bg5 Nbd7 7. Bd3 h6
8. Bh4 Be7 9. O-O O-O 10. Re1 Bb4 11. Ne5 Be7 12. Nxd7 Qxd7 13. Re3 Bd8 14.
Qf3 Ng4 15. Ree1 Bxh4 16. h3 Bxf2+ 17. Kh1 Bxe1 18. Rxe1 Nf6 19. Qg3 Re8
20. Rf1 Qe6 21. Bf5 Qe3 22. Qxe3 Rxe3 23. Bd3 Bd7 24. Ne2 Rae8 25. b3 b6
26. a4 a5 27. Ba6 Bc8 28. Bd3 c5 29. dxc5 bxc5 30. Bb5 R8e7 31. Bd3 c4 32.
bxc4 dxc4 33. Bxc4 Be6 34. Bxe6 R7xe6 35. Nf4 Re1 36. Rxe1 Rxe1+ 37. Kh2
Rc1 38. Kg3 Rxc2 39. Kf3 Ra2 40. Ke3 Rxa4 41. Nd3 Rc4 42. Kd2 a4 43. Nb2
Rb4 44. Nxa4 Rxa4 45. Ke3 Nd5+ 46. Kf3 Rf4+ 47. Kg3 h5 48. h4 Rg4+ 49. Kf3
f5 50. g3 f4 51. gxf4 Rxf4+ 52. Kg3 Rg4+ 53. Kh3 Nf4+ 54. Kh2 Rg2+ 55. Kh1
Ra2 56. Kg1 Ng6 57. Kh1 Nxh4 58. Kg1 Nf3+ 59. Kf1 Ne5 60. Ke1 h4 61. Kf1 h3
62. Kg1 Nf3+ 63. Kf1 Ne1 64. Kg1 h2+ 65. Kh1 Ra3 66. Kxh2 Ng2 67. Kxg2 g5
68. Kf2 g4 69. Kg2 g3 70. Kg1 g2 71. Kxg2 Re3 72. Kf2 Re8 73. Kf3 Kg7 74.
Kg3 Kg6 75. Kg4 Rf8 76. Kg3 Rf5 77. Kg4 Kf6 78. Kg3 Kg5 79. Kg2 Kg4 80. Kh2
Rf3 81. Kg2 Kf4 82. Kg1 Kg3 83. Kh1 Rf1# { White checkmated } 0-1

[Event "ICC tourney 2356 (30 5)"]
[Site "Internet Chess Club"]
[Date "2021.01.30"]
[Round "2"]
[White "MiaTbim"]
[Black "Anushkaa"]
[Result "0-1"]
[ICCResult "White checkmated"]
[WhiteElo "1007"]
[BlackElo "1281"]
[Opening "Ruy Lopez: closed, 9.d4"]
[ECO "C91"]
[NIC "RL.20"]
[Time "12:31:08"]
[PlyCount "154"]
[TimeControl "1800+5"]

1. e4 e5 2. Nf3 Nc6 3. Bb5 a6 4. Ba4 Nf6 5. O-O b5 6. Bb3 Be7 7. c3 O-O 8.
Re1 d6 9. d4 Bb7 10. d5 Na5 11. Bc2 Nc4 12. Nbd2 Nxd2 13. Bxd2 Nd7 14. Be3
Qb8 15. Qd2 Bc8 16. h4 Nf6 17. Bg5 Bd7 18. h5 Qd8 19. Bxf6 Bxf6 20. h6 g6
21. a4 Qe7 22. axb5 axb5 23. b3 Bg4 24. Bd1 Bxf3 25. Bxf3 Bg5 26. Qd3 Qd7
27. Qe2 Bxh6 28. Bg4 Qe7 29. g3 Rab8 30. Ra7 Bg7 31. Kg2 b4 32. cxb4 Rxb4
33. Ra3 Rfb8 34. Rb1 Qd8 35. Qc2 R4b7 36. Rh1 Rb6 37. Bd1 R6b7 38. Qe2 Ra8
39. Rxa8 Qxa8 40. Qg4 Qd8 41. Qh3 h6 42. g4 Rb4 43. Qe3 Qf6 44. Bc2 Qg5 45.
Qh3 Rd4 46. Bd3 Rb4 47. Bc2 Rb6 48. Rh2 c6 49. Rh1 cxd5 50. exd5 Rb4 51.
Rh2 Rxg4+ 52. Kf1 Rd4 53. Bd3 Qc1+ 54. Kg2 Qd2 55. Qc8+ Kh7 56. Qh3 Qxd3
57. Qxd3 Rxd3 58. b4 Rxd5 59. Rh4 Rb5 60. Kg3 Bf8 61. Kg2 d5 62. Kf3 Rxb4
63. Rxb4 Bxb4 64. Ke2 Kg7 65. Kd3 Kf6 66. Ke2 Kf5 67. Kd3 h5 68. Ke2 h4 69.
Kf1 d4 70. Ke2 h3 71. Kf1 d3 72. Kg1 d2 73. Kh2 d1=Q 74. Kxh3 Qg4+ 75. Kh2
Kf4 76. f3 Kxf3 77. Kh1 Qg2# { White checkmated } 0-1

[Event "ICC tourney 2356 (30 5)"]
[Site "Internet Chess Club"]
[Date "2021.01.30"]
[Round "3"]
[White "SABHHMischler"]
[Black "SALucas"]
[Result "0-1"]
[ICCResult "White checkmated"]
[WhiteElo "657"]
[BlackElo "1286"]
[Opening "Four knights: Scotch, 4...exd4"]
[ECO "C47"]
[NIC "KP.06"]
[Time "14:12:30"]
[PlyCount "34"]
[TimeControl "1800+5"]

1. e4 e5 2. Nf3 Nc6 3. Nc3 Nf6 4. d4 exd4 5. Nxd4 Bc5 6. Nxc6 bxc6 7. Bd3
d5 8. O-O dxe4 9. Bxe4 Qxd1 10. Rxd1 Nxe4 11. Nxe4 Bb6 12. Bg5 O-O 13. Re1
Bf5 14. Rad1 Rfe8 15. Nc3 Bxc2 16. Rxe8+ Rxe8 17. Rd2 Re1# { White
checkmated } 0-1

[Event "ICC tourney 2356 (30 5)"]
[Site "Internet Chess Club"]
[Date "2021.01.30"]
[Round "3"]
[White "SAWBStevie"]
[Black "ASJosh26"]
[Result "0-1"]
[ICCResult "White checkmated"]
[WhiteElo "908"]
[BlackElo "1218"]
[Opening "Giuoco Piano"]
[ECO "C50"]
[NIC "IG.02"]
[Time "14:12:49"]
[PlyCount "48"]
[TimeControl "1800+5"]

1. e4 e5 2. Bc4 Nc6 3. Nf3 Bc5 4. O-O Nf6 5. Ng5 O-O 6. d3 h6 7. Nf3 d6 8.
Nc3 Bg4 9. Bd2 Nd4 10. h3 Nxf3+ 11. gxf3 Bxh3 12. Re1 Nh5 13. f4 Qh4 14.
Qf3 Bg4 15. Qg2 Ng3 16. fxe5 Nh1 17. Rf1 Ng3 18. b4 Bd4 19. Be3 Nxf1 20.
Rxf1 Bxc3 21. f3 Bh3 22. Qh2 Bxe5 23. Qh1 Qg3+ 24. Qg2 Qxg2# { White
checkmated } 0-1

[Event "ICC tourney 2356 (30 5)"]
[Site "Internet Chess Club"]
[Date "2021.01.30"]
[Round "3"]
[White "YouWonByLuck"]
[Black "SAanjyu"]
[Result "0-1"]
[ICCResult "White checkmated"]
[WhiteElo "857"]
[BlackElo "1125"]
[Opening "Sicilian: Najdorf, 7...Be7"]
[ECO "B98"]
[NIC "SI.09"]
[Time "14:12:52"]
[PlyCount "42"]
[TimeControl "1800+5"]

1. e4 c5 2. Nf3 d6 3. d4 cxd4 4. Nxd4 a6 5. Nc3 Nf6 6. Bg5 e6 7. f4 Be7 8.
Qf3 b5 9. g4 Bb7 10. h4 Nbd7 11. h5 Nc5 12. e5 Bxf3 13. exf6 Bxf6 14. Bxf6
Qxf6 15. Rh3 Bxg4 16. Rh1 Qxd4 17. Ne2 Bxe2 18. Bxe2 Ne4 19. Bd3 Qe3+ 20.
Be2 Ng3 21. Rh3 Qxe2# { White checkmated } 0-1

[Event "ICC tourney 2356 (30 5)"]
[Site "Internet Chess Club"]
[Date "2021.01.30"]
[Round "3"]
[White "SAJacob"]
[Black "VictorH2010"]
[Result "1-0"]
[ICCResult "Black checkmated"]
[WhiteElo "1164"]
[BlackElo "924"]
[Opening "English opening"]
[ECO "A20"]
[NIC "EO.24"]
[Time "14:12:06"]
[PlyCount "51"]
[TimeControl "1800+5"]

1. c4 e5 2. g3 Nc6 3. Bg2 Nf6 4. Nf3 Bc5 5. O-O O-O 6. Nc3 h6 7. e3 Be7 8.
b3 d6 9. Bb2 Be6 10. d4 exd4 11. exd4 Bd7 12. d5 Ne5 13. Nxe5 dxe5 14. Re1
Bg4 15. f3 Bh5 16. Rxe5 Bd6 17. Re1 Re8 18. g4 Rxe1+ 19. Qxe1 Bg6 20. Ne4
Bxe4 21. fxe4 Qe8 22. e5 Bc5+ 23. Kh1 Nxg4 24. Qg3 Ne3 25. e6 Nxg2 26.
Qxg7# { Black checkmated } 1-0

[Event "ICC tourney 2356 (30 5)"]
[Site "Internet Chess Club"]
[Date "2021.01.30"]
[Round "3"]
[White "HYNoahAlexaderB"]
[Black "Aidenmaps"]
[Result "0-1"]
[ICCResult "White checkmated"]
[WhiteElo "1098"]
[BlackElo "985"]
[Opening "English opening"]
[ECO "A20"]
[NIC "EO.24"]
[Time "14:12:49"]
[PlyCount "36"]
[TimeControl "1800+5"]

1. c4 e5 2. g3 Nf6 3. Bg2 Nc6 4. Nc3 Bc5 5. Nf3 d6 6. d3 Bf5 7. O-O Qd7 8.
Bg5 O-O-O 9. Nd5 Qe6 10. Bxf6 gxf6 11. Re1 Bh3 12. Bh1 h5 13. Qd2 Rdg8 14.
Rec1 h4 15. Qe1 hxg3 16. hxg3 Rxg3+ 17. Bg2 Rxg2+ 18. Kf1 Rg7# { White
checkmated } 0-1

[Event "ICC tourney 2356 (30 5)"]
[Site "Internet Chess Club"]
[Date "2021.01.30"]
[Round "3"]
[White "calebru"]
[Black "ItamarR"]
[Result "0-1"]
[ICCResult "White checkmated"]
[WhiteElo "774"]
[BlackElo "1016"]
[Opening "French: Marshall variation"]
[ECO "C10"]
[NIC "FR.04"]
[Time "14:12:46"]
[PlyCount "40"]
[TimeControl "1800+5"]

1. e4 e6 2. d4 d5 3. Nc3 c5 4. exd5 exd5 5. Bb5+ Nc6 6. Qe2+ Be7 7. dxc5
Nf6 8. Nf3 O-O 9. O-O Bxc5 10. Bg5 Re8 11. Qd3 Be6 12. Rad1 d4 13. Bxc6
bxc6 14. Nxd4 h6 15. Bxf6 Qxf6 16. Nxe6 Rxe6 17. Rfe1 Rxe1+ 18. Rxe1 Qxf2+
19. Kh1 Qxe1+ 20. Qf1 Qxf1# { White checkmated } 0-1

[Event "ICC tourney 2356 (30 5)"]
[Site "Internet Chess Club"]
[Date "2021.01.30"]
[Round "3"]
[White "NTH2011"]
[Black "Leor2011"]
[Result "1-0"]
[ICCResult "Black checkmated"]
[WhiteElo "1118"]
[BlackElo "785"]
[Opening "Two knights defense (Modern bishop's opening)"]
[ECO "C55"]
[NIC "IG.01"]
[Time "14:12:42"]
[PlyCount "35"]
[TimeControl "1800+5"]

1. e4 e5 2. Nf3 Nc6 3. Bc4 Nf6 4. d3 h6 5. Nc3 Bc5 6. O-O O-O 7. a3 d6 8.
Be3 Bb6 9. Qd2 Nd4 10. Nh4 Ng4 11. Ng6 Nxe3 12. fxe3 Nc6 13. Nxf8 Kxf8 14.
Rxf7+ Ke8 15. Qf2 Qg5 16. Rf8+ Kd7 17. Qf7+ Ne7 18. Qe8# { Black checkmated
} 1-0

[Event "ICC tourney 2356 (30 5)"]
[Site "Internet Chess Club"]
[Date "2021.01.30"]
[Round "3"]
[White "YoungHytham"]
[Black "NiccoloChess"]
[Result "1-0"]
[ICCResult "Black checkmated"]
[WhiteElo "644"]
[BlackElo "1014"]
[Opening "Queen's pawn game"]
[ECO "E60"]
[NIC "QP.07"]
[Time "14:12:47"]
[PlyCount "61"]
[TimeControl "1800+5"]

1. d4 Nf6 2. e3 g6 3. c4 Bg7 4. Nc3 O-O 5. Nf3 d6 6. Bd3 Nc6 7. O-O Be6 8.
d5 Bg4 9. dxc6 Bxf3 10. Qxf3 bxc6 11. Qxc6 a5 12. Qf3 c5 13. Be4 Rb8 14.
Nd5 Nxd5 15. Bxd5 e6 16. Be4 Bxb2 17. Bxb2 Rxb2 18. Rfb1 Rxb1+ 19. Rxb1 f5
20. Bc2 h5 21. Rb7 d5 22. cxd5 exd5 23. Bb3 Kh8 24. Qxd5 Qe8 25. Ra7 g5 26.
Qb7 Qg6 27. Ra8 Rxa8 28. Qxa8+ Kh7 29. g3 g4 30. Kg2 Qh6 31. Qg8# { Black
checkmated } 1-0

[Event "ICC tourney 2356 (30 5)"]
[Site "Internet Chess Club"]
[Date "2021.01.30"]
[Round "3"]
[White "Oliver1004"]
[Black "MiaTbim"]
[Result "1-0"]
[ICCResult "Black checkmated"]
[WhiteElo "565"]
[BlackElo "1007"]
[Opening "Sicilian"]
[ECO "B50"]
[NIC "SI.01"]
[Time "14:13:00"]
[PlyCount "27"]
[TimeControl "1800+5"]

1. e4 c5 2. Nf3 d6 3. Bc4 Nf6 4. d3 g6 5. Be3 Bg7 6. Nc3 O-O 7. Qd2 Nc6 8.
Bh6 a6 9. h4 b5 10. Bd5 Bb7 11. h5 Nxh5 12. Rxh5 gxh5 13. Qg5 Kh8 14. Qxg7#
{ Black checkmated } 1-0

[Event "ICC tourney 2356 (30 5)"]
[Site "Internet Chess Club"]
[Date "2021.01.30"]
[Round "3"]
[White "SALucasJ"]
[Black "Patrickmps33"]
[Result "1-0"]
[ICCResult "Black checkmated"]
[WhiteElo "1003"]
[BlackElo "557"]
[Opening "Sicilian defense"]
[ECO "B20"]
[NIC "SI.48"]
[Time "14:12:52"]
[PlyCount "61"]
[TimeControl "1800+5"]

1. e4 c5 2. Bc4 Nc6 3. Nc3 g6 4. d3 Bg7 5. Nf3 e6 6. O-O Nge7 7. a3 O-O 8.
Ba2 d6 9. Bf4 e5 10. Bg3 Bg4 11. Nd5 Nxd5 12. Bxd5 Nd4 13. Bxb7 Rb8 14. Bd5
Rxb2 15. c3 Nb3 16. Bxb3 Qa5 17. Rb1 Qxc3 18. Rxb2 Qxb2 19. Bd5 Qxa3 20. h3
Bxf3 21. Qxf3 Bf6 22. Qxf6 Qxd3 23. f3 Qe3+ 24. Bf2 Qe2 25. Re1 Qd3 26. Be3
a5 27. Bh6 Qd4+ 28. Kh1 Qf2 29. Bxf7+ Rxf7 30. Qd8+ Rf8 31. Qxf8# { Black
checkmated } 1-0

[Event "ICC tourney 2356 (30 5)"]
[Site "Internet Chess Club"]
[Date "2021.01.30"]
[Round "3"]
[White "wileyhowe"]
[Black "BPNPanther"]
[Result "1-0"]
[ICCResult "Black checkmated"]
[WhiteElo "771"]
[BlackElo "984"]
[Opening "QGA: 3.e4"]
[ECO "D20"]
[NIC "QG.04"]
[Time "14:12:49"]
[PlyCount "107"]
[TimeControl "1800+5"]

1. d4 d5 2. c4 dxc4 3. e4 Nf6 4. Nc3 Nc6 5. Nf3 Bg4 6. Be3 e6 7. Bxc4 Bb4
8. O-O O-O 9. e5 Bxc3 10. bxc3 Ne4 11. Rc1 Kh8 12. h3 Bh5 13. Qd3 f5 14.
Nd2 Nxd2 15. Qxd2 a6 16. Bxe6 Qe7 17. Bb3 b5 18. c4 Na5 19. cxb5 Nxb3 20.
axb3 axb5 21. Qc3 Rac8 22. Rfe1 f4 23. Bd2 f3 24. g3 Qd7 25. e6 Qe7 26. h4
Bg4 27. Bg5 Qd6 28. e7 Rfe8 29. Bf4 Qb6 30. Bxc7 Rxc7 31. Qxc7 Qxc7 32.
Rxc7 Kg8 33. Rc5 Kf7 34. Rc7 b4 35. d5 Be6 36. d6 h6 37. d7 Bxd7 38. Rxd7
g5 39. hxg5 hxg5 40. Rd8 Rxe7 41. Rxe7+ Kxe7 42. Rb8 Kf6 43. Rxb4 Kf5 44.
Ra4 g4 45. b4 Ke5 46. b5 Kd6 47. Rc4 Kd5 48. Rc2 Kd4 49. b6 Kd3 50. Rc7 Ke2
51. b7 Ke1 52. b8=Q Ke2 53. Qb2+ Ke1 54. Rc1# { Black checkmated } 1-0

[Event "ICC tourney 2356 (30 5)"]
[Site "Internet Chess Club"]
[Date "2021.01.30"]
[Round "3"]
[White "SASofia"]
[Black "CharlesJps77"]
[Result "1-0"]
[ICCResult "Black checkmated"]
[WhiteElo "1302"]
[BlackElo "965"]
[Opening "Sicilian: Kan, 5.Nc3"]
[ECO "B43"]
[NIC "SI.41"]
[Time "14:12:52"]
[PlyCount "141"]
[TimeControl "1800+5"]

1. e4 c5 2. Nf3 e6 3. d4 cxd4 4. Nxd4 a6 5. Nc3 b5 6. Bf4 d6 7. e5 dxe5 8.
Bxe5 Bc5 9. Nb3 Qxd1+ 10. Rxd1 Nf6 11. Bxf6 gxf6 12. Nxc5 Nc6 13. g3 Bb7
14. Nxb7 Ra7 15. Nd6+ Ke7 16. Bg2 Rd8 17. Bxc6 Rxd6 18. Rxd6 Kxd6 19. Bf3
Rc7 20. O-O b4 21. Ne4+ Ke7 22. c3 f5 23. Nd2 bxc3 24. bxc3 Rxc3 25. Rb1
Rc2 26. Rb7+ Kf6 27. Nb3 Rb2 28. Nc5 Rxa2 29. Ra7 a5 30. Ra6 a4 31. Nxa4
Kg5 32. h4+ Kg6 33. Bb7 Kf6 34. Nc5 Rc2 35. Nd7+ Ke7 36. Ne5 Rc5 37. Nc6+
Kd7 38. Nb8+ Kc7 39. Rc6+ Rxc6 40. Bxc6 Kxb8 41. Be8 f6 42. Kg2 Kc7 43. Kf3
Kd6 44. g4 Ke5 45. Bd7 fxg4+ 46. Kxg4 f5+ 47. Kf3 h5 48. Be8 Kf6 49. Bxh5
e5 50. Be8 Ke7 51. Ba4 Kf7 52. Bc2 Kf6 53. Kg3 Kg6 54. f4 e4 55. Bb3 Kf6
56. h5 Kg7 57. Kh4 Kh6 58. Bc4 Kg7 59. Kg5 Kh7 60. h6 Kh8 61. Kxf5 e3 62.
Kg5 e2 63. Bxe2 Kh7 64. Bd3+ Kh8 65. f5 Kg8 66. f6 Kh8 67. Kf5 Kg8 68. Ke6
Kh8 69. Ke7 Kg8 70. f7+ Kh8 71. f8=Q# { Black checkmated } 1-0

[Event "ICC tourney 2356 (30 5)"]
[Site "Internet Chess Club"]
[Date "2021.01.30"]
[Round "3"]
[White "SpaceBorg"]
[Black "AndychessSohn"]
[Result "1-0"]
[ICCResult "Black checkmated"]
[WhiteElo "800"]
[BlackElo "1105"]
[Opening "Queen's pawn game"]
[ECO "A45"]
[NIC "QP.07"]
[Time "14:12:52"]
[PlyCount "113"]
[TimeControl "1800+5"]

1. d4 Nf6 2. Nc3 g6 3. Bg5 Bg7 4. Nf3 d6 5. e3 O-O 6. Bc4 Nbd7 7. O-O c5 8.
Nd5 h6 9. Nxf6+ Nxf6 10. Bf4 Bf5 11. Re1 Rc8 12. h3 cxd4 13. Bd3 Bxd3 14.
Qxd3 dxe3 15. Bxe3 a6 16. Bd2 e5 17. Nh2 e4 18. Qe2 Re8 19. c3 Qb6 20. Rab1
d5 21. Be3 Qd6 22. Bd4 b5 23. a3 Nh5 24. Bxg7 Nxg7 25. Qe3 Nf5 26. Qd2 a5
27. Rbd1 b4 28. axb4 axb4 29. cxb4 d4 30. g4 Nh4 31. Qxd4 Qxd4 32. Rxd4
Nf3+ 33. Nxf3 exf3 34. Rde4 Rxe4 35. Rxe4 Rc2 36. b3 Re2 37. Re3 f5 38. Kf1
fxg4 39. hxg4 h5 40. gxh5 gxh5 41. Rxe2 fxe2+ 42. Kxe2 h4 43. Kf3 Kh8 44.
Kg4 Kg7 45. Kxh4 Kf6 46. Kg4 Ke6 47. Kf4 Kd6 48. Ke4 Kc6 49. Kd4 Kb5 50. f4
Kxb4 51. f5 Kxb3 52. f6 Kb4 53. f7 Kb5 54. f8=Q Ka6 55. Kc5 Ka7 56. Kc6 Ka6
57. Qa8# { Black checkmated } 1-0

[Event "ICC tourney 2356 (30 5)"]
[Site "Internet Chess Club"]
[Date "2021.01.30"]
[Round "3"]
[White "SAIsaiah2010"]
[Black "alexandermps77"]
[Result "0-1"]
[ICCResult "White checkmated"]
[WhiteElo "837"]
[BlackElo "1120"]
[Opening "Sicilian: closed"]
[ECO "B23"]
[NIC "SI.44"]
[Time "14:12:51"]
[PlyCount "66"]
[TimeControl "1800+5"]

1. e4 c5 2. Nc3 e6 3. f4 a6 4. Bc4 b5 5. Be2 Bb7 6. Nf3 d5 7. exd5 exd5 8.
O-O Nf6 9. Re1 Be7 10. a3 O-O 11. Ne5 Nbd7 12. Ng4 Nxg4 13. Bxg4 Nf6 14.
Bf5 c4 15. Qe2 Bc5+ 16. Kh1 Re8 17. Qf1 Rxe1 18. Qxe1 Qe8 19. Qg3 Qe7 20.
d3 Re8 21. Bd2 Bd4 22. Re1 Qc5 23. Rxe8+ Nxe8 24. Qe1 Nf6 25. Qe2 cxd3 26.
Bxd3 Qd6 27. Be3 Bxe3 28. Qxe3 d4 29. Qg3 dxc3 30. bxc3 Qxa3 31. f5 Qc1+
32. Qe1 Qxe1+ 33. Bf1 Qxf1# { White checkmated } 0-1

[Event "ICC tourney 2356 (30 5)"]
[Site "Internet Chess Club"]
[Date "2021.01.30"]
[Round "3"]
[White "NoGameJustWins"]
[Black "cupicol600"]
[Result "0-1"]
[ICCResult "White resigns"]
[WhiteElo "1016"]
[BlackElo "826"]
[Opening "Two knights defense"]
[ECO "C55"]
[NIC "IG.01"]
[Time "14:12:52"]
[PlyCount "64"]
[TimeControl "1800+5"]

1. e4 e5 2. Nf3 Nc6 3. Bc4 Nf6 4. O-O Bc5 5. Nc3 O-O 6. d3 d6 7. Be3 Bb4 8.
a3 Bxc3 9. bxc3 Bg4 10. Bg5 h6 11. Bxf6 Qxf6 12. Re1 Bxf3 13. Qe2 Bxe2 14.
Rxe2 Ne7 15. Re3 Ng6 16. g3 Rad8 17. Kg2 c6 18. Rf3 Qe7 19. Bb3 d5 20. exd5
cxd5 21. c4 dxc4 22. Bxc4 e4 23. Re3 Qf6 24. Rxe4 Qxa1 25. f4 Qxa3 26. f5
Ne7 27. Rg4 Nxf5 28. Rg6 Ne3+ 29. Kf3 Nxc4 30. Rg4 Ne5+ 31. Kf4 Nxg4 32. h3
Rd4+ { White resigns } 0-1